 Dungeon Sprint DCSS version 0.19.4-9-g45fd643 (webtiles) character file.

6309 protoss039 the Blocker (level 10, -9/71 HPs)
             Began as a Gargoyle Fighter on Feb 21, 2017.
             Was the Champion of Cheibriados.
             Mangled by an alligator snapping turtle (31 damage)
             ... in the Dungeon (Sprint VII: "The Pits").
             The game lasted 00:08:00 (1023 turns).

protoss039 the Blocker (Gargoyle Fighter)           Turns: 1023, Time: 00:08:01

Health: -9/71      AC: 34    Str: 36 (38) XL:     10   Next: 95%
Magic:  1/10       EV: 10    Int: 23 (24) God:    Cheibriados [******]
Gold:   0          SH: 16    Dex: 23 (24) Spells: 0 memorised, 9 levels left

rFire  . . .     SeeInvis .     b - +2 morningstar (protect)
rCold  . . .     Gourm    .     t - +2 plate armour
rNeg   + . .     Faith    .     c - +0 shield
rPois  ∞         Spirit   .     (no helmet)
rElec  +         Reflect  .     v - +0 cloak
rCorr  .         Harm     .     a - +0 pair of gloves
MR     .....     NoTele   +     (no boots)
Stlth  ..........               (no amulet)
                                (no ring)
                                (no ring)

@: protection aura, very slightly contaminated, very slow
A: negative energy resistance 1, electricity resistance, unbreathing,
petrification resistance, rot immunity, AC +7
a: Bend Time, Temporal Distortion, Slouch, Step From Time, Renounce Religion


You were in the Dungeon.
You worshipped Cheibriados.
Cheibriados was exalted by your worship.
You were full.

You visited 1 branch

Inventory:

Hand Weapons
 b - a +2 morningstar of protection (weapon)
 l - a +2 mace
Armour
 a - a +0 pair of gloves (worn)
 c - a +0 shield (worn)
 t - a +2 plate armour (worn)
 v - a +0 cloak (worn)
Jewellery
 x - a +3 ring of intelligence
 y - a +3 ring of protection
Scrolls
 k - a scroll of blinking
 n - 3 scrolls of remove curse
 o - 5 scrolls of amnesia
Potions
 e - 7 potions of curing
 g - 4 potions of heal wounds
 h - 2 potions of haste
 i - 3 potions of magic
 j - 3 potions of berserk rage
 m - a potion of invisibility
 w - a potion of resistance
Comestibles
 f - 8 bread rations
 q - 40 fruits
 r - 6 meat rations


   Skills:
 + Level 12.1 Fighting
 + Level 14.4 Maces & Flails
 + Level 12.5 Armour
 + Level 2.1 Dodging
 + Level 5.5 Stealth
 + Level 14.4 Shields


You had 9 spell levels left.
You didn't know any spells.

Dungeon Overview and Level Annotations

Branches:
Dungeon (1/1)

Altars:
Ashenzari
Cheibriados
Dithmenos
Elyvilon
Fedhas
Gozag
Hepliaklqana
Kikubaaqudgha
Makhleb
Nemelex Xobeh
Okawaru
Qazlal
Ru
Sif Muna
Trog
Uskayaw
Vehumet
Xom
Yredelemnul
Zin
The Shining One
Beogh
Jiyva
Lugonu


Innate Abilities, Weirdness & Mutations

You are resistant to torment.
Your stone body is resilient. (AC +7)
You are immune to poison.
You resist negative energy. (rN+)
You are resistant to electric shocks. (rElec)
You can survive without breathing.
You are immune to petrification.
You are immune to rotting.


Message History

Unknown command.
Unknown command.
Press: ? - help, v - describe, . - travel, g - get item
Here: an alligator snapping turtle (lightly wounded)
A dagger.
There is something else lying underneath.
The floor, spattered with blood.
You pound the alligator snapping turtle like an anvil!!!
The alligator snapping turtle is moderately wounded.
You hear a bellow! x2
The alligator snapping turtle bites you.
Something hits you but does no damage. x2
Something stings you but does no damage.
A redback comes into view.
Unknown command.
You bludgeon the alligator snapping turtle!!
The alligator snapping turtle is heavily wounded.
Something hits you but does no damage. x2; Something completely misses you.
The alligator snapping turtle bites you!!
You die...

#..## #..## #.EZ' #..'' #####
#######################
#....................''
#....................''
#..###@############..##
#..##.#t# #..## #..#.#)#s# #..##
#..##}#s#s# #..## #..#x# #Y#Y#
#..# #..## #.#s# #..#
#..################..#
###########....................#
_________##....................#


You could see an alligator snapping turtle, a death yak and 3 redbacks.

Vanquished Creatures
  A deep elf annihilator (D)
  A rakshasa (D)
  A naga warrior (D)
  A death yak (D)
  A sea snake (D)
  A spiny frog (D)
  A kobold demonologist (D)
  2 ice devils (D)
  A guardian mummy (D)
  Grinder (D)
  A redback (D)
  A flying skull (D)
  A large abomination (D)
  A water elemental (D)
  A basilisk (D)
  A hungry ghost (D)
  A naga (D)
  A floating eye (D)
  An orc warrior (D)
  An ogre (D)
  A phantom (D)
  A bullfrog (D)
  2 orc wizards (D)
  An iguana (D)
  A worker ant (D)
  A gnoll (D)
  An adder skeleton (D)
  2 orcs (D)
  3 jackals (D)
  A kobold (D)
  4 quokkas (D)
  A ball python (D)
  A bat simulacrum (D)
  A leopard gecko skeleton (D)
  A rat (D)
43 creatures vanquished.

Notes
Turn   | Place    | Note
-------+----------+-------------------------------------------
     0 | D        | protoss039 the Gargoyle Fighter began the quest for the Orb.
     0 | D        | Reached XP level 1. HP: 14/14 MP: 1/1
    12 | D        | Noticed a floating eye
    15 | D        | Paralysed by a floating eye for 3 turns
    19 | D        | Killed a floating eye
    19 | D        | Reached XP level 2. HP: 23/23 MP: 2/2
    19 | D        | Reached XP level 3. HP: 28/28 MP: 3/3
    19 | D        | Reached XP level 4. HP: 32/32 MP: 4/4
    47 | D        | Found a radiant altar of Vehumet.
    47 | D        | Found a hide-covered altar of Uskayaw.
    47 | D        | Found an ancient bone altar of Kikubaaqudgha.
    47 | D        | Found a viscous altar of Jiyva.
    47 | D        | Found a hazy altar of Hepliaklqana.
    48 | D        | Found a bloodstained altar of Trog.
    48 | D        | Found a deep blue altar of Sif Muna.
    48 | D        | Found a sacrificial altar of Ru.
    48 | D        | Found a stormy altar of Qazlal.
    48 | D        | Found an iron altar of Okawaru.
    48 | D        | Found a sparkling altar of Nemelex Xobeh.
    48 | D        | Found an opulent altar of Gozag.
    48 | D        | Found a blossoming altar of Fedhas.
    48 | D        | Found a white marble altar of Elyvilon.
    48 | D        | Found a shadowy altar of Dithmenos.
    48 | D        | Found a snail-covered altar of Cheibriados.
    49 | D        | Found a burning altar of Makhleb.
    49 | D        | Found a glowing golden altar of the Shining One.
    49 | D        | Found a glowing silver altar of Zin.
    49 | D        | Found a basalt altar of Yredelemnul.
    49 | D        | Found a roughly hewn altar of Beogh.
    50 | D        | Found a corrupted altar of Lugonu.
    50 | D        | Found a shimmering altar of Xom.
    50 | D        | Found a shattered altar of Ashenzari.
    78 | D        | Became a worshipper of Cheibriados the Contemplative
    97 | D        | Reached * piety under Cheibriados
   117 | D        | Reached ** piety under Cheibriados
   117 | D        | Reached XP level 5. HP: 34/37 MP: 5/5
   129 | D        | Noticed an ogre
   138 | D        | Reached *** piety under Cheibriados
   145 | D        | Killed an ogre
   146 | D        | Reached XP level 6. HP: 44/44 MP: 6/6
   215 | D        | Noticed a hungry ghost
   216 | D        | Noticed a phantom
   217 | D        | Noticed an orc warrior
   225 | D        | Reached skill level 1 in Dodging
   234 | D        | Killed a hungry ghost
   234 | D        | Reached **** piety under Cheibriados
   234 | D        | Reached skill level 5 in Maces & Flails
   240 | D        | Reached XP level 7. HP: 42/50 MP: 7/7
   254 | D        | Reached ***** piety under Cheibriados
   312 | D        | Noticed Grinder
   330 | D        | Killed Grinder
   330 | D        | Reached skill level 10 in Armour
   330 | D        | Reached skill level 10 in Shields
   330 | D        | Reached XP level 8. HP: 49/56 MP: 8/8
   357 | D        | Noticed a spiny frog
   379 | D        | Killed a spiny frog
   489 | D        | Noticed a flying skull
   500 | D        | Killed a flying skull
   501 | D        | Reached ****** piety under Cheibriados
   522 | D        | Noticed a redback
   526 | D        | Killed a redback
   526 | D        | Reached skill level 10 in Maces & Flails
   745 | D        | Noticed an ice devil
   745 | D        | Noticed a guardian mummy
   746 | D        | Noticed a water elemental
   783 | D        | Killed a water elemental
   788 | D        | Killed an ice devil
   788 | D        | Reached skill level 10 in Fighting
   788 | D        | Reached XP level 9. HP: 34/62 MP: 9/9
   791 | D        | Killed a guardian mummy
   939 | D        | Noticed a gargoyle
   939 | D        | Noticed a deep elf annihilator
   939 | D        | Noticed a death yak
   939 | D        | Noticed a naga warrior
   939 | D        | Noticed a sea snake
   939 | D        | Noticed a death yak
   943 | D        | Noticed a kobold demonologist
   947 | D        | Noticed a soul eater
   951 | D        | Killed a sea snake
   952 | D        | Noticed an ice devil
   953 | D        | Killed a kobold demonologist
   957 | D        | Killed an ice devil
   957 | D        | Reached skill level 1 in Stealth
   961 | D        | Killed a naga warrior
   961 | D        | Reached XP level 10. HP: 55/69 MP: 10/10
   966 | D        | Killed a death yak
   967 | D        | Noticed a death yak
   970 | D        | Killed a deep elf annihilator
   975 | D        | Noticed a death yak
   975 | D        | Noticed a rakshasa
   982 | D        | Killed a rakshasa
   982 | D        | Reached skill level 5 in Stealth
   991 | D        | Noticed an alligator snapping turtle
  1023 | D        | Mangled by an alligator snapping turtle

Skill      XL: |  1  2  3  4  5  6  7  8  9 10 |
---------------+-------------------------------+-----
Fighting       | 6 7 8 10 11 12 | 12.1
Maces & Flails | 3 4 6 8 10 12 14 | 14.4
Armour         | 6 7 9 10 11 12 | 12.5
Shields        | 6 7 9 10 12 13 14 | 14.4
Dodging        | 1 2 |  2.1
Stealth        | 1 5 |  5.5

Action                   |  1- 3 |  4- 6 |  7- 9 | 10-12 || total
-------------------------+-------+-------+-------+-------++-------
Melee: Flail             |     4 |       |       |       ||     4
       Mace              |       |    47 |    95 |       ||   142
       Morningstar       |       |       |    27 |    44 ||    71
  Use: Potion            |       |       |     6 |     6 ||    12
       Scroll            |       |       |       |     1 ||     1
 Stab: Invisible         |       |       |     2 |     7 ||     9
  Eat: Chunk             |       |       |     2 |       ||     2
       Meat ration       |       |       |       |     1 ||     1
Armor: Scale mail        |       |     5 |       |       ||     5
       Plate armour      |       |    11 |    48 |    55 ||   114
Dodge: Dodged            |       |    14 |    38 |    20 ||    72
Block: Shield            |       |    30 |    98 |    47 ||   175
